 Dungeon Crawl Stone Soup version 0.24.0-13-gcf9b319 (webtiles) character file.

Game seed: 185944688802491856, levelgen mode: deterministic

409 Bronimir the Firebug (level 6, 0/59 HPs)
             Began as an Ogre Fire Elementalist on Mar 3, 2020.
             Was a Follower of Okawaru.
             Succumbed to a gnoll's poison
             ... on level 4 of the Dungeon.
             The game lasted 00:13:03 (4592 turns).

Bronimir the Firebug (Ogre Fire Elementalist)       Turns: 4592, Time: 00:13:05

Health: 0/59       AC:  4    Str: 13    XL:     6   Next: 89%
Magic:  6/11       EV: 10    Int: 18    God:    Okawaru [*.....]
Gold:   8          SH:  0    Dex:  9    Spells: 1/12 levels left

rFire    . . .     SeeInvis .   a - +0 trident
rCold    . . .     Gourm    .   (no shield)
rNeg     . . .     Faith    +   f - +1 robe
rPois    .         Spirit   .   (helmet restricted)
rElec    .         Reflect  .   (no cloak)
rCorr    .         Harm     .   (gloves unavailable)
MR       .....                  (boots unavailable)
Stlth    +.........             h - amulet of faith
HPRegen  0.19/turn              (no ring)
MPRegen  0.12/turn              (no ring)

@: lethally poisoned (0 -> -3)
A: large, unfitting armour, tough skin 1
a: Heroism, Renounce Religion


You were on level 4 of the Dungeon.
You worshipped Okawaru.
Okawaru was aware of your devotion.
You were not hungry.

You visited 1 branch of the dungeon, and saw 5 of its levels.

You collected 274 gold pieces.
You spent 266 gold pieces at shops.

Inventory:

Hand Weapons
 a - a +0 trident (weapon)
 j - a +0 flail
 v - a +0 hand axe
Missiles
 d - 163 stones
 e - 65 bolts
 g - 21 poisoned darts (quivered)
 n - 7 arrows
 o - 3 curare-tipped darts
 s - 20 sling bullets
Armour
 f - a +1 robe (worn)
 i - a +0 buckler
Jewellery
 h - an amulet of faith (around neck)
Scrolls
 b - 3 scrolls of identify
 k - 5 scrolls of remove curse
 l - 2 scrolls of amnesia
 u - a scroll of immolation
Potions
 m - 4 potions of haste
 p - 3 potions of flight {unknown}
 q - 2 potions of degeneration
 r - a potion of brilliance {unknown}
 t - a potion of mutation {unknown}
 w - a potion of cancellation
 x - a potion of heal wounds
Comestibles
 c - 10 rations


   Skills:
 + Level 2.8 Fighting
 + Level 0.6(1.5) Axes
 + Level 2.1(2.2) Polearms
 + Level 0.2 Throwing
 * Level 2.5 Dodging
 - Level 1.4 Stealth
 + Level 3.5 Spellcasting
 * Level 2.3 Conjurations
 * Level 4.0 Fire Magic
 * Level 2.1 Invocations


You had one spell level left.
You knew the following spells:

 Your Spells              Type           Power        Failure   Level  Hunger
a - Flame Tongue          Conj/Fire      ##...        4%          1    None
b - Throw Flame           Conj/Fire      ##....       6%          2    ##.....
c - Conjure Flame         Conj/Fire      ##......     13%         3    ###....
d - Fireball              Conj/Fire      ##........   75%         5    ######.

Your spell library contained the following spells:

 Spells                   Type           Power        Failure   Level  Hunger
 Inner Flame              Hex/Fire       ##......     21%         3    ###....
 Sticky Flame             Conj/Fire      ##......     38%         4    ####...


Dungeon Overview and Level Annotations

Branches:
Dungeon (5/15)
 Temple: D:4-7

Altars:
Fedhas
Makhleb
Okawaru
Ru
Uskayaw
Wu Jian
Yredelemnul

Shops:
D:4 !

Annotations:
D:4 3 runed translucent doors, ClockworkOrrery's ghost, amateur GrFi


Innate Abilities, Weirdness & Mutations

You are too large for most types of armour.
You have tough skin. (AC +1)


Message History

Aiming: Flame Tongue (safe; 4% risk of failure)
Press: ? - help, Shift-Dir - straight line, f/p - gnoll
Aim: a gnoll, wielding a +0 spear (severely wounded)
The flame tongue misses the gnoll.
The gnoll hits you from afar with a +0 spear.
* * * LOW HITPOINT WARNING * * *
The gnoll hits you from afar with a +0 halberd.
* * * LOW HITPOINT WARNING * * *
The gnoll sergeant hits you from afar with a +5 trident of pain!
* * * LOW HITPOINT WARNING * * *
You feel much better.
You feel sick.
The gnoll hits you from afar with a +0 spear.
The gnoll sergeant hits you from afar with a +5 trident of pain!
* * * LOW HITPOINT WARNING * * *
The gnoll hits you from afar with a +0 halberd!
* * * LOW HITPOINT WARNING * * *
The gnoll misses you.
You climb upwards.
Level annotation: 3 runed translucent doors, ClockworkOrrery's ghost, amateur GrFi You die...

### #.# #.# ######
##.#########....##
#.รท.......##.##..#
#@...........###..
#..........### ##.
#.........## #.
#.........# ##
##.######.##### #
#.###....#...##
#.##..........##
#..[...........#
#####..............#


There were no monsters in sight!

Vanquished Creatures
  Menkaure (D:4)
  An orc priest (D:3)
  A hound (D:4)
  An orc wizard (D:4)
  A mummy (D:4)
  9 adders
  A gnoll (D:5)
  3 worms
  A dart slug (D:1)
  2 leopard geckos (D:3)
  11 orcs
  6 giant cockroaches
  12 goblins
  8 hobgoblins
  2 jackals (D:1)
  A quokka (D:2)
  5 bats
  A frilled lizard (D:3)
  2 hobgoblin zombies (D:4)
  6 kobolds
  2 kobold zombies (D:4)
  4 rats
81 creatures vanquished.

Vanquished Creatures (others)
  3 toadstools (D:1)
3 creatures vanquished.

Grand Total: 84 creatures vanquished

Notes
Turn   | Place    | Note
-------+----------+-------------------------------------------
     0 | D:1      | Bronimir the Ogre Fire Elementalist began the quest for the
                  | Orb.
     0 | D:1      | Reached XP level 1. HP: 16/16 MP: 3/3
   109 | D:1      | Reached skill level 1 in Conjurations
   196 | D:1      | Reached XP level 2. HP: 26/26 MP: 0/5
   213 | D:1      | Reached skill level 3 in Fire Magic
   270 | D:1      | Learned a level 2 spell: Throw Flame
   418 | D:1      | Reached skill level 1 in Fighting
   708 | D:1      | Reached XP level 3. HP: 33/33 MP: 1/6
   994 | D:2      | Learned a level 3 spell: Conjure Flame
  1071 | D:2      | Found a blossoming altar of Fedhas.
  1854 | D:2      | Found a basalt altar of Yredelemnul.
  1943 | D:2      | Found an iron altar of Okawaru.
  2047 | D:2      | Became a worshipper of Warmaster Okawaru
  2102 | D:3      | Reached XP level 4. HP: 37/42 MP: 2/7
  2526 | D:3      | HP: 1/42 [orc/+0 trident (4)]
  2535 | D:3      | Reached skill level 1 in Polearms
  2535 | D:3      | Reached XP level 5. HP: 30/49 MP: 1/9
  2819 | D:3      | Found a sacrificial altar of Ru.
  3288 | D:4      | Noticed Menkaure
  3296 | D:4      | Killed Menkaure
  3296 | D:4      | Reached * piety under Okawaru
  3296 | D:4      | Reached skill level 1 in Invocations
  3296 | D:4      | Reached XP level 6. HP: 59/59 MP: 6/11
  3319 | D:4      | Noticed a +0 hand axe
  3320 | D:4      | Noticed a +0 hand axe
  3323 | D:4      | Found a hide-covered altar of Uskayaw.
  3406 | D:4      | Found a runed translucent gate.
  3406 | D:4      | Found a runed translucent gate.
  3406 | D:4      | Found a runed translucent gate.
  3406 | D:4      | Noticed ClockworkOrrery's ghost (amateur GrFi)
  3655 | D:4      | Found a burning altar of Makhleb.
  3655 | D:4      | Found an ornate altar of the Wu Jian Council.
  3663 | D:4      | Reached ** piety under Okawaru
  3666 | D:4      | Reached skill level 4 in Fire Magic
  3896 | D:4      | Found Besearhu's Distillery.
  3906 | D:4      | Bought a potion of degeneration for 14 gold pieces
  3906 | D:4      | Bought a potion of cancellation for 112 gold pieces
  3906 | D:4      | Bought a potion of heal wounds for 70 gold pieces
  3906 | D:4      | Bought a potion of heal wounds for 70 gold pieces
  3951 | D:4      | Learned a level 5 spell: Fireball
  4245 | D:5      | Entered Level 5 of the Dungeon
  4591 | D:5      | HP: 1/59 [gnoll/+0 halberd (11)]
  4592 | D:4      | Succumbed to a gnoll's poison

Levels and vault maps discovered:
D:1:      dpeg_arrival_renting, layout_basic, kennysheep_minor_cross,
          chequers_serial_rivers_small_3, minivault_4, minmay_gold_behind_fungi,
          corexii_hall_statues_x, minmay_tetromino_t4
D:2:      layout_loops_corners, lemuel_doored_altar,
          lemuel_coloured_pillars_altar, first_ration, fedhas_altar_2
D:3:      layout_rooms, nicolae_overflow_crystal_walls
D:4:      layout_rooms, dancing_weapons_uskayaw, grunt_temple_overflow_open,
          ebering_ghost_rock_garden, serial_shops, nicolae_shop_waterfront,
          grunt_decor_arrowhead, minmay_mini_ossuary, uniq_menkaure
D:5:      layout_layer_cave, kennysheep_mini_moat, vehumet_altar_wand_db,
          minmay_temple_entry_sparse_star, lightli_ossuary_entry_decrepit_ruins

Skill      XL: |  1  2  3  4  5  6 |
---------------+-------------------+-----
Conjurations   | 1 2 |  2.3
Fire Magic     | 3 4 |  4.0
Fighting       | 1 2 |  2.8
Spellcasting   | 3 |  3.5
Polearms       | 1 2 |  2.1
Dodging        | 2 |  2.5
Invocations    | 1 2 |  2.1
Axes           | |  0.6
Throwing       | |  0.2
Stealth        | |  1.4

Action                   |  1- 3 |  4- 6 || total
-------------------------+-------+-------++-------
Melee: Unarmed           |     3 |       ||     3
       Club              |    16 |       ||    16
       Hand axe          |    36 |       ||    36
       Trident           |       |    69 ||    69
Throw: Dart              |     2 |     5 ||     7
 Cast: Flame Tongue      |    52 |    90 ||   142
Invok: Heroism           |       |     1 ||     1
  Use: Scroll            |     5 |     4 ||     9
       Potion            |       |     5 ||     5
 Stab: Sleeping          |     1 |     1 ||     2
  Eat: Chunk             |     4 |     8 ||    12
Armor: Robe              |    37 |    30 ||    67
Dodge: Dodged            |    54 |    84 ||   138
